 Dungeon Crawl Stone Soup version 0.25-a0-2-g6559c6c67a (webtiles) character file.

Game seed: 1829210095367104748, levelgen mode: deterministic

116 MordorOrchid the Fighter (level 5, -3/76 HPs)
             Began as a Gnoll Wanderer on Oct 13, 2019.
             Slain by a killer bee (5 damage)
             ... on level 2 of the Dungeon.
             The game lasted 00:04:48 (771 turns).

MordorOrchid the Fighter (Gnoll Wanderer)            Turns: 771, Time: 00:04:48

Health: -3/76      AC:  7    Str: 20    XL:     5   Next: 1%
Magic:  5/6        EV: 11    Int: 16    God:
Gold:   7          SH:  0    Dex: 13    Spells: 6/6 levels left

rFire    . . .     SeeInvis .   a - +2 shortbow
rCold    . . .     Gourm    .   (shield currently unavailable)
rNeg     . . .     Faith    .   q - +0 ring mail
rPois    .         Spirit   .   n - +0 helmet
rElec    .         Reflect  .   (no cloak)
rCorr    .         Harm     .   (no gloves)
MR       .....                  (no boots)
Stlth    ..........             (no amulet)
HPRegen  0.22/turn              (no ring)
MPRegen  0.10/turn              (no ring)

@: berserking, lethally poisoned (-3 -> -5), very quick
A: distributed training, fangs 1, strong nose
a: no special abilities


You were on level 2 of the Dungeon.
You were not hungry.

You visited 1 branch of the dungeon, and saw 2 of its levels.

You collected 7 gold pieces.

Inventory:

Hand Weapons
 a - a +2 shortbow (weapon)
 c - a +0 hand crossbow
 p - a +0 dagger
Missiles
 b - 22 arrows (quivered)
 d - 49 bolts
 m - 20 stones
Armour
 h - a +0 leather armour
 n - a +0 helmet (worn)
 q - a +0 ring mail (worn)
Scrolls
 i - a scroll of teleportation {unknown}
 o - 3 scrolls of identify {unknown}
Potions
 l - a potion of invisibility {unknown}
Comestibles
 f - 2 chunks of flesh
 g - a ration


   Skills:
 + Level 8.6 Fighting
 + Level 1.2 Short Blades
 + Level 1.2 Long Blades
 + Level 1.2 Axes
 + Level 1.2 Maces & Flails
 + Level 1.2 Polearms
 + Level 1.2 Staves
 + Level 1.2 Slings
 + Level 4.7 Bows
 + Level 1.2 Crossbows
 + Level 2.8 Throwing
 + Level 4.7 Armour
 + Level 1.2 Dodging
 + Level 1.2 Stealth
 + Level 2.8 Shields
 + Level 1.2 Unarmed Combat
 + Level 1.2 Spellcasting
 + Level 1.0 Conjurations
 + Level 1.0 Hexes
 + Level 1.0 Charms
 + Level 1.0 Summonings
 + Level 1.0 Necromancy
 + Level 1.0 Translocations
 + Level 1.0 Transmutations
 + Level 1.0 Fire Magic
 + Level 1.0 Ice Magic
 + Level 1.0 Air Magic
 + Level 1.0 Earth Magic
 + Level 1.0 Poison Magic
 + Level 1.4 Invocations
 + Level 1.2 Evocations


You had 6 spell levels left.
You didn't know any spells.
Your spell library was empty.

Dungeon Overview and Level Annotations

Branches:
Dungeon (2/15)

Altars:

Annotations:
D:2 1 runed translucent door, Crazy Yiuf


Innate Abilities, Weirdness & Mutations

Your experience applies equally to all skills.
You have very sharp teeth.
Your uncanny sense of smell can sniff out nearby items.


Message History

A red film seems to cover your vision as you go berserk!
You feel yourself moving faster!
You feel mighty! The killer bee stings you!
* * * LOW HITPOINT WARNING * * *
You are poisoned.
The killer bee poisons you! The killer bee misses you.
Really attack while wielding your +2 shortbow? [Y]es or [N]o only, please.
Really attack while wielding your +2 shortbow? [Y]es or [N]o only, please.
Really attack while wielding your +2 shortbow?
You clumsily bash the killer bee.
Your bite misses the killer bee.
The killer bee is severely wounded.
You feel sick. The killer bee stings you.
* * * LOW HITPOINT WARNING * * *
The killer bee barely misses you.
Unknown command.
You closely miss the killer bee.
The killer bee is severely wounded.
The killer bee stings you.
You die...

### #.####♣♣♣♣♣
#.# #.#########
#.#........
...####.#.#..##..
.................
...####.#.#..##..
#.#.#..# . # #@#.#
.# #.####y#.. .#
#.#.##y### #
#####.#.##y###...
..........(.......
##.....y..(.......
#.##.#.######.#.#
#.#.# #
..y...y........


You could see 3 killer bees.

Vanquished Creatures
  2 killer bees (D:2)
  2 bats
  2 giant cockroaches
  7 goblins
  2 hobgoblins
  A jackal (D:1)
  4 frilled lizards
  6 kobolds (D:1)
  4 rats (D:1)
30 creatures vanquished.

Notes
Turn   | Place    | Note
-------+----------+-------------------------------------------
     0 | D:1      | MordorOrchid the Gnoll Wanderer began the quest for the
                  | Orb.
     0 | D:1      | MordorOrchid set off with the following items: a +2
                  | shortbow, 22 arrows, a +0 hand crossbow, 25 bolts, a potion
                  | of curing, a +0 robe, a ration
     0 | D:1      | Reached XP level 1. HP: 26/26 MP: 1/1
    95 | D:1      | Reached XP level 2. HP: 33/33 MP: 2/2
   586 | D:2      | Reached XP level 3. HP: 38/38 MP: 3/3
   685 | D:2      | Found a runed translucent door.
   686 | D:2      | Noticed Crazy Yiuf
   736 | D:2      | Noticed a killer bee
   736 | D:2      | Noticed a killer bee
   736 | D:2      | Noticed a killer bee
   736 | D:2      | Noticed a killer bee
   741 | D:2      | Noticed a killer bee
   748 | D:2      | Killed a killer bee
   748 | D:2      | Reached skill level 1 in Short Blades
   748 | D:2      | Reached skill level 1 in Long Blades
   748 | D:2      | Reached skill level 1 in Axes
   748 | D:2      | Reached skill level 1 in Maces & Flails
   748 | D:2      | Reached skill level 1 in Polearms
   748 | D:2      | Reached skill level 1 in Staves
   748 | D:2      | Reached skill level 1 in Slings
   748 | D:2      | Reached skill level 1 in Crossbows
   748 | D:2      | Reached skill level 1 in Dodging
   748 | D:2      | Reached skill level 1 in Stealth
   748 | D:2      | Reached skill level 1 in Unarmed Combat
   748 | D:2      | Reached skill level 1 in Spellcasting
   748 | D:2      | Reached skill level 1 in Invocations
   748 | D:2      | Reached skill level 1 in Evocations
   748 | D:2      | Reached XP level 4. HP: 29/45 MP: 3/5
   749 | D:2      | Reached skill level 1 in Conjurations
   749 | D:2      | Reached skill level 1 in Hexes
   749 | D:2      | Reached skill level 1 in Charms
   749 | D:2      | Reached skill level 1 in Summonings
   749 | D:2      | Reached skill level 1 in Necromancy
   749 | D:2      | Reached skill level 1 in Translocations
   749 | D:2      | Reached skill level 1 in Transmutations
   749 | D:2      | Reached skill level 1 in Fire Magic
   749 | D:2      | Reached skill level 1 in Ice Magic
   749 | D:2      | Reached skill level 1 in Air Magic
   749 | D:2      | Reached skill level 1 in Earth Magic
   749 | D:2      | Reached skill level 1 in Poison Magic
   749 | D:2      | Reached XP level 5. HP: 33/51 MP: 3/6
   766 | D:2      | HP: 2/51 [killer bee (8)]
   771 | D:2      | Slain by a killer bee

Levels and vault maps discovered:
D:1:      dpeg_arrival_rooms_with_view, layout_basic
D:2:      layout_basic, uniq_jessica, uniq_sigmund, uniq_crazy_yiuf_cottage

Skill      XL: |  1  2  3  4 |
---------------+-------------+-----
Short Blades   | 1 |  1.2
Long Blades    | 1 |  1.2
Axes           | 1 |  1.2
Maces & Flails | 1 |  1.2
Polearms       | 1 |  1.2
Staves         | 1 |  1.2
Slings         | 1 |  1.2
Crossbows      | 1 |  1.2
Dodging        | 1 |  1.2
Stealth        | 1 |  1.2
Unarmed Combat | 1 |  1.2
Spellcasting   | 1 |  1.2
Invocations    | 1 |  1.4
Evocations     | 1 |  1.2
Conjurations   | 1 |  1.0
Hexes          | 1 |  1.0
Charms         | 1 |  1.0
Summonings     | 1 |  1.0
Necromancy     | 1 |  1.0
Translocations | 1 |  1.0
Transmutations | 1 |  1.0
Fire Magic     | 1 |  1.0
Ice Magic      | 1 |  1.0
Air Magic      | 1 |  1.0
Earth Magic    | 1 |  1.0
Poison Magic   | 1 |  1.0
Fighting       | |  8.6
Bows           | |  4.7
Throwing       | |  2.8
Armour         | |  4.7
Shields        | |  2.8

Action                   |  1- 3 |  4- 6 || total
-------------------------+-------+-------++-------
Melee: Shortbow          |       |     2 ||     2
 Fire: Shortbow          |    58 |    15 ||    73
  Use: Potion            |       |     5 ||     5
Armor: Leather armour    |     1 |       ||     1
       Ring mail         |     6 |     8 ||    14
Dodge: Dodged            |     6 |    26 ||    32

Table legend:
 A = Non-vault XP
 B = Vault XP
 C = Vault XP percentage of total XP
 D = Non-vault monster count
 E = Vault monster count
 F = Vault count percentage of total count
                 A         B        C        D         E       F
            +---------+---------+-------+---------+---------+-------
      Total |     164 |       3 |   1.8 |      28 |       2 |   6.7
            +---------+---------+-------+---------+---------+-------
        D:1 |      30 |       3 |   9.1 |      21 |       2 |   8.7
        D:2 |     134 |       0 |   0.0 |       7 |       0 |   0.0
            +---------+---------+-------+---------+---------+-------
